 Dungeon Crawl Stone Soup version 0.25.0-1-g7eea58d2a3 (webtiles) character file.

Game seed: 11335033058431844619

4699 McIrco the Protected (level 10, -4/90 HPs)
             Began as a Minotaur Fighter on June 14, 2020.
             Was an Initiate of Gozag.
             Slain by a tentacled monstrosity (9 damage)
             ... on level 1 of the Abyss.
             The game lasted 00:18:48 (9509 turns).

McIrco the Protected (Minotaur Fighter)             Turns: 9509, Time: 00:18:50

Health: -4/90      AC: 22    Str: 24      XL:     10   Next: 21%
Magic:  7/7        EV:  4    Int:  3      God:    Gozag
Gold:   276        SH: 12    Dex:  9 (10) Spells: 9/9 levels left

rFire    + . .     SeeInvis .   O - +4 scimitar (freeze)
rCold    x . .     Gourm    .   c - +0 kite shield
rNeg     . . .     Faith    .   J - +0 plate armour
rPois    +         Spirit   .   H - +0 hat
rElec    .         Reflect  .   C - +2 cloak
rCorr    +         Harm     .   y - +0 pair of gloves
MR       .....                  q - +0 pair of boots
Stlth    ..........             (no amulet)
HPRegen  0.00/turn              P - ring "Icuehy" {Fire rPois Int+2}
MPRegen  0.10/turn              t - ring of resist corrosion

@: mighty, stab, very slightly contaminated, constricted, invisible
A: retaliatory headbutt, horns 2, [blurry vision 2], [deterioration 2], [dopey
2], [low mp 2], [screaming 2], inhibited regeneration
a: Potion Petition, Call Merchant, Bribe Branch, Renounce Religion


You were on level 1 of the Abyss.
You worshipped Gozag.
Gozag was aware of your devotion.
You were not hungry.

You visited 2 branches of the dungeon, and saw 10 of its levels.
You visited the Abyss 1 time.

You collected 736 gold pieces.
You paid 460 gold pieces to Gozag.

Inventory:

Hand Weapons
 a - a +0 long sword
 E - a +0 long sword of flaming
 O - a +4 scimitar of freezing (weapon)
Armour
 c - a +0 kite shield (worn)
 q - a +0 pair of boots (worn)
 y - a +0 pair of gloves (worn)
 z - a scarf of resistance
 C - a +2 cloak (worn)
 F - +0 steam dragon scales
 H - a +0 hat (worn)
 I - a +1 ring mail of fire resistance
 J - a +0 plate armour (worn)
Jewellery
 r - an uncursed ring of magical power
 t - a ring of resist corrosion (right hand)
 P - the ring "Icuehy" (left hand) {Fire rPois Int+2}
   (You found it on level 1 of the Abyss)

   [ring of fire]

   It enhances your fire magic.
   It affects your intelligence (+2).
   It protects you from fire.
   It makes you vulnerable to cold.
   It protects you from poison.
Wands
 A - a wand of clouds (4)
 M - a wand of acid (5)
 N - a wand of flame (18)
Scrolls
 e - 7 scrolls of identify
 l - 2 scrolls of blinking
 m - 2 scrolls of fear {unknown}
 n - 3 scrolls of enchant weapon {unknown}
 o - 6 scrolls of remove curse {unknown}
 p - 3 scrolls of teleportation {unknown}
 u - a scroll of magic mapping {unknown}
 v - 2 scrolls of fog {unknown}
 w - a scroll of amnesia {unknown}
 x - a scroll of random uselessness {unknown}
 G - a scroll of enchant armour {unknown}
Potions
 b - a potion of ambrosia {unknown}
 g - a potion of lignification {unknown}
 i - a potion of degeneration {unknown}
 j - a potion of resistance {unknown}
 k - 5 potions of curing
 s - a potion of flight {unknown}
 B - a potion of stabbing {unknown}
 D - a potion of mutation {unknown}
 K - 2 potions of haste {unknown}
 L - a potion of invisibility {unknown}
Comestibles
 f - 25 rations


   Skills:
 + Level 8.6 Fighting
 * Level 2.9 Long Blades
 + Level 11.9 Armour
 + Level 11.5 Shields


You had 9 spell levels left.
You didn't know any spells.
Your spell library contained the following spells:

 Spells                   Type           Power        Failure   Level  Hunger
 Animate Skeleton         Necr           N/A          100%        1    ##.....
 Apportation              Tloc           #.....       100%        1    ##.....
 Corona                   Hex            #......      100%        1    ##.....
 Shock                    Conj/Air       #...         100%        1    ##.....
 Summon Small Mammal      Summ           #...         100%        1    ##.....
 Slow                     Hex            #.......     100%        2    ###....
 Swiftness                Chrm/Air       #.......     100%        2    ###....
 Inner Flame              Hex/Fire       #.......     100%        3    ####...
 Portal Projectile        Hex/Tloc       #.....       100%        3    ####...
 Static Discharge         Conj/Air       #.......     100%        3    ####...
 Airstrike                Air            #.........   100%        4    #####..
 Cause Fear               Hex            #.........   100%        4    #####..
 Leda's Liquefaction      Hex/Erth       #.........   100%        4    #####..
 Lightning Bolt           Conj/Air       #.........   100%        5    ######.


Dungeon Overview and Level Annotations

Branches:
Dungeon (9/15)             Temple (1/1) D:7
   Lair: D:8-11         Orc: D:9-12

Altars:
Ashenzari
Cheibriados
Dithmenos
Elyvilon
Fedhas
Gozag
Hepliaklqana
Kikubaaqudgha
Makhleb
Nemelex Xobeh
Okawaru
Qazlal
Ru
Sif Muna
Trog
Uskayaw
Vehumet
Wu Jian
Xom
Yredelemnul
Zin
The Shining One

Annotations:
Abyss:1 1 transporter


Innate Abilities, Weirdness & Mutations

You reflexively headbutt those who attack you in melee.
You have a pair of horns on your head.
You do not regenerate when monsters are visible.
[Scrolls take you longer to read.]
[Your body often deteriorates upon taking damage.]
[You are very dopey. (Int -4)]
[Your magical capacity is very low. (-20% MP)]
[You sometimes yell uncontrollably at your foes.]


Message History

You feel stupid. x2
The thrashing horror tramples you but does no damage.
The thrashing horror closely misses you.
The tentacled monstrosity tentacle-slaps you!
* * * LOW HITPOINT WARNING * * *
Your body deteriorates!
You feel clumsy.
The tentacled monstrosity tentacle-slaps you but does no damage.
You block the tentacled monstrosity's attack.
* * * LOW HITPOINT WARNING * * *
The tentacled monstrosity constricts you.
Unknown command.
You feel mightier all of a sudden.
You block the thrashing horror's attack.
The thrashing horror tramples you but does no damage.
The tentacled monstrosity tentacle-slaps you.
* * * LOW HITPOINT WARNING * * *
The tentacled monstrosity tentacle-slaps you but does no damage.
You block the tentacled monstrosity's attack.
You die...
Your body crumbles into a pile of gold.

#####. #..
#.. # .. #.#
# .... # #
....#.#. #.
. .. ######
#### #.
....#.... ..
#.# ..# .
.... § #
###..####..#
# . .. . #
#....3####
.. .# VX##
..##@X## .
... .z#
#...###X*# .
... #V. #©#
.tx)# # '
###.. #
#*..### ..#
#


XG XX. # . 3.. ###x D t## ..... .. ..3X . . # ## . .# . .. ### X.© ..# You could
see a tentacled monstrosity, a wretched star, a thrashing horror, a neqoxec and
a small abomination.

Vanquished Creatures
  A two-headed ogre (D:8)
  Maggie (D:7)
  A hippogriff (D:7)
  Sigmund (D:6)
  A spriggan (D:8)
  A wyvern (D:8)
  3 hungry ghosts
  A swamp worm (D:8)
  Duvessa (D:7)
  A sky beast (D:6)
  2 phantoms
  An ice beast (D:7)
  2 ogres
  A black bear (D:8)
  3 centaurs
  A bullfrog (D:8)
  Dowan (D:7)
  A water moccasin zombie (D:9)
  4 scorpions
  4 howler monkeys
  A wight (D:8)
  2 centaur zombies
  3 jellies (D:5)
  A quasit (D:9)
  2 bullfrog zombies
  A bullfrog skeleton (D:4)
  A hound (D:8)
  2 gnoll shamans
  2 orc priests (D:7)
  6 orc wizards
  An iguana (D:5)
  7 worker ants
  A hound zombie (D:6)
  9 gnolls
  7 adders
  9 river rats (D:5)
  2 shadow imps (D:5)
  An adder skeleton (D:6)
  An adder zombie (D:5)
  4 dart slugs
  5 leopard geckos
  22 orcs
  8 bats
  10 giant cockroaches
  5 hobgoblins
  3 jackals (D:3)
  11 quokkas
  2 ball pythons
  6 frilled lizards
  7 goblins
  8 kobolds
  A leopard gecko skeleton (D:8)
  A leopard gecko zombie (D:5)
  22 rats
206 creatures vanquished.

Vanquished Creatures (others)
  A lurking horror (Abyss:1)
  2 plants (D:8)
3 creatures vanquished.

Grand Total: 209 creatures vanquished

Notes
Turn   | Place    | Note
-------+----------+-------------------------------------------
     0 | D:1      | McIrco the Minotaur Fighter began the quest for the Orb.
     0 | D:1      | Reached XP level 1. HP: 19/19 MP: 0/0
    95 | D:1      | Reached XP level 2. HP: 27/27 MP: 1/1
   579 | D:1      | Reached XP level 3. HP: 25/33 MP: 2/2
   956 | D:2      | Reached XP level 4. HP: 34/41 MP: 3/3
  1636 | D:3      | Found a blossoming altar of Fedhas.
  1671 | D:3      | Reached skill level 5 in Shields
  1695 | D:3      | Reached skill level 5 in Armour
  1695 | D:3      | Reached XP level 5. HP: 20/47 MP: 4/4
  2452 | D:3      | Found a burning altar of Makhleb.
  2452 | D:3      | Found an ornate altar of the Wu Jian Council.
  2452 | D:3      | Found a sparkling altar of Nemelex Xobeh.
  2452 | D:3      | Found a hazy altar of Hepliaklqana.
  3304 | D:4      | Noticed an ogre
  3313 | D:4      | Killed an ogre
  3313 | D:4      | Reached skill level 5 in Fighting
  3313 | D:4      | Reached XP level 6. HP: 13/56 MP: 5/5
  3699 | D:5      | Entered Level 5 of the Dungeon
  4068 | D:5      | Found a shadowy altar of Dithmenos.
  4071 | D:5      | Reached XP level 7. HP: 38/61 MP: 6/6
  4893 | D:5      | Found a white marble altar of Elyvilon.
  4893 | D:5      | Found a shimmering altar of Xom.
  5226 | D:6      | Noticed Maggie
  5450 | D:7      | Killed Maggie
  5450 | D:7      | Reached XP level 8. HP: 40/71 MP: 7/7
  6271 | D:6      | Noticed Sigmund
  6279 | D:6      | Killed Sigmund
  6644 | D:7      | Noticed a hippogriff
  6650 | D:7      | Killed a hippogriff
  6654 | D:7      | Reached skill level 10 in Shields
  6654 | D:7      | Reached XP level 9. HP: 78/79 MP: 8/8
  6904 | D:7      | Noticed Duvessa
  6905 | D:7      | Noticed Dowan
  6933 | D:7      | Killed Duvessa
  6962 | D:7      | Killed Dowan
  7063 | D:7      | Found a staircase to the Ecumenical Temple.
  7071 | Temple   | Entered the Ecumenical Temple
  7222 | Temple   | Became a worshipper of Gozag Ym Sagoz the Greedy
  7751 | D:8      | Found a shimmering altar of Xom.
  7777 | D:8      | Noticed a two-headed ogre
  7788 | D:8      | Killed a two-headed ogre
  7788 | D:8      | Reached skill level 10 in Armour
  8497 | D:8      | Reached XP level 10. HP: 84/90 MP: 9/9
  9431 | D:9      | Noticed a two-headed ogre
  9449 | D:9      | Cast into level 1 of the Abyss (gnoll sergeant)
  9473 | Abyss:1  | Gained mutation: You do not regenerate when monsters are
                  | visible. [a neqoxec]
  9478 | Abyss:1  | Noticed a tentacled starspawn
  9479 | Abyss:1  | Found a transporter.
  9479 | Abyss:1  | Noticed an apocalypse crab
  9479 | Abyss:1  | Noticed a wretched star
  9480 | Abyss:1  | Found a transporter.
  9482 | Abyss:1  | Noticed a vampire mage
  9482 | Abyss:1  | Noticed a tentacled starspawn
  9482 | Abyss:1  | Noticed a glowing orange brain
  9482 | Abyss:1  | Noticed a sixfirhy
  9482 | Abyss:1  | Noticed an apocalypse crab
  9483 | Abyss:1  | Found a corrupted altar of Lugonu.
  9483 | Abyss:1  | Noticed a thrashing horror
  9483 | Abyss:1  | Noticed a thrashing horror
  9484 | Abyss:1  | Noticed a six-headed hydra
  9485 | Abyss:1  | Noticed a tentacled monstrosity
  9486 | Abyss:1  | Noticed a starcursed mass
  9491 | Abyss:1  | Got a pitted bronze ring
  9504 | Abyss:1  | Identified the ring "Icuehy" {Fire rPois Int+2} (You found
                  | it on level 1 of the Abyss)
  9505 | Abyss:1  | HP: 4/90 [tentacled monstrosity (4)]
  9509 | Abyss:1  | Slain by a tentacled monstrosity

Illustrated notes

Levels and vault maps discovered:
D:1:      lemuel_arrival_behind_the_door_small, layout_rooms,
          chequers_hall_statues_corner_a
D:2:      layout_loops_ring, first_ration
D:3:      layout_loops_cross, chequers_temple_overflow_statue_of_worship,
          fedhas_ov_isle_minmay
D:4:      layout_cave_pods
D:5:      lemuel_ratsnest, layout_basic, amethyst_overflow_temple_binary,
          serial_bayou_lagoon_a, grunt_dithmenos_smoke
D:6:      layout_loops_ring, uniq_maggie, uniq_sigmund
D:7:      layout_loops_corners, minmay_temple_entry_overgrown, uniq_duvessa
D:8:      layout_layer_cave, basic_altar, the_bakery, worms_lemuel
D:9:      layout_irregular_city
Temple:   eino_temple_rhombus
Abyss:1:  base: Gauntlet, gammafunk_corrupted_shrine

Skill      XL: |  1  2  3  4  5  6  7  8  9 |
---------------+----------------------------+-----
Armour         | 4 5 6 7 9 11 | 11.9
Shields        | 4 5 6 8 10 11 | 11.5
Fighting       | 4 5 6 7 8 |  8.6
Long Blades    | |  2.9

Action                   |  1- 3 |  4- 6 |  7- 9 | 10-12 || total
-------------------------+-------+-------+-------+-------++-------
Melee: Long sword        |    89 |   178 |   372 |    73 ||   712
       Headbutt          |    14 |    23 |    68 |    30 ||   135
       Unarmed           |       |       |    15 |       ||    15
       Scimitar          |       |       |       |    30 ||    30
Invok: Potion Petition   |       |       |       |     2 ||     2
  Use: Potion            |       |       |       |     5 ||     5
       Scroll            |       |       |       |     2 ||     2
 Stab: Sleeping          |       |       |       |     1 ||     1
  Eat: Chunk             |       |     7 |    11 |       ||    18
       Ration            |       |     1 |     2 |     2 ||     5
Armor: Scale mail        |    46 |    75 |   117 |       ||   238
       Plate armour      |       |       |    82 |   118 ||   200
       Skin              |       |       |     2 |       ||     2
Dodge: Dodged            |    26 |    48 |   125 |    34 ||   233
Block: Kite shield       |    54 |   108 |   230 |   112 ||   504
       Rpst.: Long sword |     5 |    12 |    24 |     4 ||    45
       Scimitar          |       |       |       |     3 ||     3
